 Dungeon Crawl Stone Soup version 0.29.1-15-g9cfb28693d (webtiles) character file.

Game seed: 6081762563465268718

16 KamiKatze the Trooper (level 2, 0/19 HPs)
             Began as a Gargoyle Berserker on Apr 2, 2023.
             Was a Follower of Trog.
             Slain by a goblin
             ... wielding a +0 club
              (2 damage)
             ... on level 1 of the Dungeon.
             The game lasted 00:01:51 (282 turns).

KamiKatze the Trooper (Gargoyle Berserker)           Turns: 282, Time: 00:01:52

Health: 0/19       AC:  5    Str: 20    XL:     2   Next: 58%
Magic:  2/2        EV: 11    Int:  7    God:    Trog [*.....]
Gold:   29         SH:  0    Dex:  9    Spells: 1/1 levels left

rFire   . . .      SeeInvis .   a - +0 hand axe
rCold   . . .      Faith    .   (no shield)
rNeg    + . .      Spirit   .   b - +0 animal skin
rPois   ∞          Reflect  .   (no helmet)
rElec   +          Harm     .   (no cloak)
rCorr   .          Rampage  .   (no gloves)
Will    .....                   (no boots)
Stlth   +.........              (no amulet)
HPRegen 0.06/turn               (no ring)
MPRegen 0.08/turn               (no ring)

@: no status effects
A: sickness immunity, AC +2, negative energy resistance 1, electricity
resistance, torment resistance 1, petrification resistance
a: Renounce Religion, Berserk


You were on level 1 of the Dungeon.
You worshipped Trog.
Trog was aware of your devotion.
You visited 1 branch of the dungeon, and saw 1 of its levels.

You collected 29 gold pieces.

Inventory:

Hand Weapons
 a - a +0 hand axe (weapon)
Missiles
 d - 2 poisoned darts (quivered)
Armour
 b - a +0 animal skin (worn)
Scrolls
 g - a scroll of teleportation {unknown}
Potions
 c - 2 potions of curing {unknown}
 e - 2 potions of haste {unknown}
 f - a potion of magic {unknown}
 h - a potion of cancellation {unknown}


   Skills:
 + Level 3.3 Fighting
 * Level 3.1 Axes
 + Level 0.2 Throwing
 + Level 2.3 Armour
 + Level 1.6 Dodging
 + Level 0.5 Evocations


You had one spell level left.
You didn't know any spells.
Your spell library was empty.

Dungeon Overview and Level Annotations

Branches:
Dungeon (1/15)

Altars:


Innate Abilities, Weirdness & Mutations

You are immune to sickness and miasma.
Your stone body is resilient. (AC +2)
You are immune to poison.
You resist negative energy. (rN+)
You are resistant to electric shocks. (rElec)
You are resistant to unholy torment.
You are immune to petrification.


Message History

You slash the goblin!
You kill the goblin!
Trog accepts your kill.
You see here a +0 club.
c - 2 silvery potions (gained 1)
You see here a +0 club.
You see here a +0 club.
A goblin comes into view. It is wielding a +0 club.
The goblin shouts!
Throw: 4 darts (poison)
Press: ? - help, Q - select action Shift-Dir - straight line, f - goblin
Aim: a goblin, wielding a +0 club (45% to hit)
You throw a poisoned dart.
The poisoned dart closely misses the goblin.
Unknown command.
Throw: 3 darts (poison)
Press: ? - help, Q - select action Shift-Dir - straight line, f/p - goblin
Aim: a goblin, wielding a +0 club (45% to hit)
You throw a poisoned dart.
The poisoned dart closely misses the goblin.
Unknown command.
The goblin hits you with a +0 club.
* * * LOW HITPOINT WARNING * * *
You hit the goblin but do no damage. Your punch misses the goblin.
The goblin hits you but does no damage.
You closely miss the goblin. The goblin hits you with a +0 club.
* * * LOW HITPOINT WARNING * * *
The goblin hits you but does no damage.
You barely miss the goblin. The goblin hits you with a +0 club.
* * * LOW HITPOINT WARNING * * *
You barely miss the goblin. The goblin barely misses you.
You closely miss the goblin. The goblin hits you but does no damage.
You hit the goblin.
The goblin is severely wounded.
The goblin hits you with a +0 club.
* * * LOW HITPOINT WARNING * * *
You barely miss the goblin.
The goblin is severely wounded.
The goblin hits you with a +0 club.
You die...

........## ##
####..#.....######.
#.....# #.....†...
#.((..#####.##..###
#..............#### #####
#...............##.
#...###..........#.######
#.......g........#.#
#######.@..........#
####...........#P.♣.P
#......####....#.PP♣P
#.#.#########..#PPPPP
#.#............#..... ##
##.#)#########..#P...P
...#..#.# #..#.PPPP
.....##.#########..######
.........................


You could see a goblin.

Vanquished Creatures
  A dart slug (D:1)
  A bat (D:1)
  A giant cockroach (D:1)
  2 goblins (D:1)
  2 hobgoblins (D:1)
  A quokka (D:1)
  2 ball pythons (D:1)
  3 rats (D:1)
13 creatures vanquished.

Notes
Turn   | Place    | Note
-------+----------+-------------------------------------------
     0 | D:1      | KamiKatze the Gargoyle Berserker began the quest for the
                  | Orb.
     0 | D:1      | Reached XP level 1. HP: 14/14 MP: 1/1
    99 | D:1      | Reached XP level 2. HP: 12/19 MP: 2/2
   282 | D:1      | Slain by a goblin

Illustrated notes

Levels and vault maps discovered:
D:1:      minmay_arrival_arboretum_small, layout_rooms

Skill      XL: |  1  2 |
---------------+-------+-----
Axes           | 3 |  3.1
Fighting       | |  3.3
Throwing       | |  0.2
Armour         | |  2.3
Dodging        | |  1.6
Evocations     | |  0.5

Action                   || total
-------------------------++-------
Melee: Hand axe          ||    43
Throw: Dart              ||     2
Armor: Animal skin       ||    16
Dodge: Dodged            ||    15
